 Dungeon Crawl Stone Soup version 0.28-a0-8-g6e044cfa68 (webtiles) character file.

Game seed: 4100082892699230221

91 Spectrina the Sneak (level 4, -1/35 HPs)
             Began as a Djinni Delver on July 24, 2021.
             Slain by a wyvern (11 damage)
             ... on level 5 of the Dungeon.
             The game lasted 00:09:38 (1087 turns).

Spectrina the Sneak (Djinni Delver)                 Turns: 1087, Time: 00:09:38

Health: -1/35      AC:  4    Str:  8 (11) XL:     4   Next: 88%
Gold:   31         EV: 11    Int: 10 (12) God:
                   SH:  0    Dex: 12 (15)

rFire   + + .      SeeInvis .   a - +0 mace
rCold   x . .      Faith    .   (no shield)
rNeg    . . .      Spirit   .   b - +0 leather armour
rPois   ∞          Reflect  .   (no helmet)
rElec   .          Harm     .   (no cloak)
rCorr   .          Rampage  .   i - +0 pair of gloves
Will    .....                   (boots unavailable)
Stlth   ++........              (no amulet)
HPRegen 0.11/turn               (no ring)
MPRegen 0.00/turn               (no ring)

@: mighty, flying, hasted, very quick
A: sickness immunity, fire resistance 2, cold vulnerability 1, float, innate
caster, hp casting, extra vitality 1
a: no special abilities


You were on level 5 of the Dungeon.
You visited 1 branch of the dungeon, and saw 1 of its levels.
You also visited: Ossuary.

You collected 31 gold pieces.

Inventory:

Hand Weapons
 a - a +0 mace (weapon)
Missiles
 h - 28 stones (quivered)
 r - 21 arrows
Armour
 b - a +0 leather armour (worn)
 i - a +0 pair of gloves (worn)
Wands
 g - a wand of digging (3)
Scrolls
 c - a scroll of fog
 d - a scroll of magic mapping
 e - 2 scrolls of fear
 k - a scroll of brand weapon {unknown}
 l - 2 scrolls of teleportation {unknown}
 o - a scroll of blinking {unknown}
 p - 2 scrolls of identify {unknown}
Potions
 f - a potion of haste
 m - a potion of attraction
 q - a potion of degeneration
 s - a potion of cancellation {unknown}


   Skills:
 - Level 3.0 Fighting
 - Level 1.5 Maces & Flails
 - Level 2.1 Dodging
 - Level 4.1 Stealth
 + Level 3.0 Spellcasting


You had 8 spell levels left.
You knew the following spells:

 Your Spells              Type           Power      Damage    Failure   Level
a - Animate Skeleton      Necr           14%        N/A       12%         1
Your spell library was empty.

Dungeon Overview and Level Annotations

Branches:
Dungeon (5/15)            Ossuary (visited)
 Temple: D:4-7

Altars:


Innate Abilities, Weirdness & Mutations

You are immune to sickness and miasma.
You are immune to poison.
Your flesh is very heat resistant. (rF++)
You are vulnerable to cold. (rC-)
You float through the air rather than walking.
You learn spells naturally, not from books.
Your magical power is your life essence.
You have superior vitality. (+4 HP)


Message History

You hit the orc.
The orc is heavily wounded.
The orc closely misses you.
You closely miss the orc.
The orc is heavily wounded.
The orc closely misses you.
You hit the orc.
The orc is almost dead.
The orc hits you but does no damage.
You hit the orc.
You kill the orc!
Things that are here:
a +0 hand axe; a +0 hand axe; an orc corpse An orc wizard comes into view.
It is wielding a +0 dagger.
The orc wizard is pulled toward you!
You feel less attractive to monsters.
Unknown command.
The orc wizard shouts!
You hear an angry hiss.
You hit the orc wizard.
The orc wizard is moderately wounded.
The orc wizard hits you but does no damage.
You hit the orc wizard but do no damage.
The orc wizard is moderately wounded.
A wyvern comes into view.
The orc wizard closely misses you. The orc wizard misses you.
It was a potion of might.
You feel very mighty all of a sudden. The orc wizard barely misses you.
Unknown command.
It was a potion of magic.
Magic courses through your body.
The orc wizard gestures at you while chanting.
You resist with some effort.
It was a potion of degeneration.
There was something very wrong with that liquid.
You feel weakened.
You feel dopey.
You feel clumsy. The wyvern bites you.
The wyvern bites you but does no damage.
The orc wizard hits you with a +0 dagger.
* * * LOW HITPOINT WARNING * * *
You feel yourself speed up. The wyvern bites you!
You die...

#....# #...## #..##.
##...## #####..#..#
######.....###..
..#######...)...........
......l...####...#######
......o@### #...†......
##.####..# #...#######
##... #...# #.
##...##.## #. ......$
... ...... #.## .... ...
... .. <.


You could see a wyvern and an orc wizard.

Vanquished Creatures
  A hound (D:5)
  A mummy (Ossuary)
  4 orcs (D:5)
  4 spectral bats (Ossuary)
  12 gnoll zombies (Ossuary)
  A goblin simulacrum (Ossuary)
  6 goblin zombies (Ossuary)
  4 hobgoblin zombies (Ossuary)
  A kobold simulacrum (Ossuary)
  5 kobold zombies (Ossuary)
  3 orc zombies (Ossuary)
  3 rat simulacra (Ossuary)
  3 spectral goblins (Ossuary)
  2 spectral kobolds (Ossuary)
  5 spectral rats (Ossuary)
55 creatures vanquished.

Notes
Turn   | Place    | Note
-------+----------+-------------------------------------------
     0 | D:5      | Spectrina the Djinni Delver began the quest for the Orb.
     0 | D:5      | Reached XP level 1. HP: 20/20 MP: 0/0
    17 | D:5      | Found a sand-covered staircase.
    28 | Ossuary  | Entered an ossuary
    79 | Ossuary  | Reached skill level 1 in Spellcasting
    79 | Ossuary  | Reached XP level 2. HP: 21/25 MP: 0/0
   322 | Ossuary  | Reached XP level 3. HP: 12/30 MP: 0/0
   322 | Ossuary  | Learned a level 1 spell: Animate Skeleton
   707 | Ossuary  | Reached XP level 4. HP: 29/35 MP: 0/0
   953 | D:5      | Noticed an acid dragon
  1083 | D:5      | Noticed a wyvern
  1087 | D:5      | Slain by a wyvern

Illustrated notes

Levels and vault maps discovered:
D:5:      layout_rooms, enter_ossuary_5, grunt_decor_arrowhead, uniq_pikel

Skill      XL: |  1  2  3  4 |
---------------+-------------+-----
Spellcasting   | 1 2 3 |  3.0
Fighting       | |  3.0
Maces & Flails | |  1.5
Dodging        | |  2.1
Stealth        | |  4.1

Action                   |  1- 3 |  4- 6 || total
-------------------------+-------+-------++-------
Melee: Mace              |   165 |    43 ||   208
Throw: Stone             |    51 |     5 ||    56
  Use: Potion            |       |     5 ||     5
 Stab: Sleeping          |     7 |     2 ||     9
Armor: Leather armour    |    70 |    16 ||    86
Dodge: Dodged            |   117 |    38 ||   155

Table legend: (Time is in decaauts)
 A = Elapsed time spent in this place.
 B = Non-inter-level travel time spent in this place.
 C = Inter-level travel time spent in this place.
 D = Time resting spent in this place.
 E = Time spent auto-exploring this place.
 F = Levels seen in this place.
 G = Mean time per level.
                   A        B        C        D        E       F      G
               +--------+--------+--------+--------+--------+-----+--------+
         Total |   1159 |   1159 |      0 |      0 |      0 |   2 |  579.5 |
       Dungeon |    343 |    343 |      0 |      0 |      0 |   1 |  343.0 |
       Ossuary |    816 |    816 |      0 |      0 |      0 |   1 |  816.0 |
               +--------+--------+--------+--------+--------+-----+--------+

Top non-repeatable levels by time:
 Ossuary: 816 daAuts
     D:5: 343 daAuts
